 Dungeon Crawl Stone Soup version 0.14-a0-1686-g0e827d1 (webtiles) character file.

113 Nicoed the Charmwright (level 3, -4/29 HPs)
             Began as a Demigod Skald on Dec 30, 2013.
             Slain by Sigmund
             ... wielding a +0,+0 scythe
              (5 damage)
             ... on Level 2 of the Dungeon.
             The game lasted 00:09:31 (1922 turns).

Nicoed the Charmwright (Demigod Skald)              Turns: 1922, Time: 00:09:31

HP  -4/29        AC 14     Str 12 (15) XL: 3   Next: 23%
MP   3/8         EV  1     Int 17      God:
Gold 69          SH  0     Dex 16      Spells:  3 memorised,  1 level left

rFire  . . .     SeeInvis .     a - +0 hand axe
rCold  . . .     Clarity  .     l - +1 dwarf plate armour
rNeg   . . .     Conserve .     (no shield)
rPois  .         rCorr    .     (no helmet)
rElec  .         rRot     .     (no cloak)
SustAb . .       Spirit   .     m - +1 pair of dwarf gloves
rMut   .         Warding  .     (no boots)
Saprov . . .     Stasis   .     (no amulet)
                                (no ring)
                                (no ring)

@: slightly contaminated, glowing, slightly resistant to hostile enchantments,
extremely unstealthy
A: no striking features
a: no special abilities


You were on level 2 of the Dungeon.
You were not hungry.

You visited 1 branch of the dungeon, and saw 2 of its levels.

You collected 69 gold pieces.

Inventory:

Hand weapons
 a - a +0,+0 hand axe (weapon)
Armour
 l - a +1 dwarven plate armour (worn)
 m - a +1 pair of dwarven gloves (worn)
Comestibles
 d - 2 bread rations
 f - an apple
Scrolls
 e - a scroll of curse weapon {unknown}
 h - a scroll of blinking {unknown}
 i - 2 scrolls of random uselessness {unknown}
Potions
 b - a potion of degeneration
 g - a potion of curing {unknown}
 j - a potion of confusion {unknown}
 k - 2 potions of flight {unknown}
Books
 c - a book of Battle

   Spells                             Type                      Level
   *Infusion                          Charms                       1
   *Shroud of Golubria                Charms/Translocation         2
   *Song of Slaying                   Charms                       2
   Spectral Weapon                    Hexes/Charms                 3
   Regeneration                       Charms/Necromancy            3


   Skills:
 + Level 2.0 Fighting
 + Level 1.9 Axes
 + Level 1.4 Armour
 + Level 1.5 Dodging
 + Level 0.2 Stealth
 + Level 2.2 Spellcasting
 + Level 3.0 Charms


You had one spell level left.
You knew the following spells:

 Your Spells              Type           Power        Failure   Level  Hunger
a - Infusion              Chrm           ##....       100%        1    #......
b - Shroud of Golubria    Chrm/Tloc      #.........   100%        2    ##.....
c - Song of Slaying       Chrm           ##......     100%        2    ##.....


Dungeon Overview and Level Annotations

Branches:
Dungeon (2/16)

Annotations:
D:2 Sigmund


Message History

You miscast Shroud of Golubria.
The world appears momentarily distorted!
It hits you but does no damage.
You miss it.
You hear some strange, mumbled words.
The puff of flame hits you!
You slash it! It hits you.
* * * LOW HITPOINT WARNING * * *
You hit it. It hits you but does no damage.
There was something very wrong with that liquid!
You feel weakened.
It was a potion of degeneration.
Casting: Shroud of Golubria
Confirm with . or Enter, or press ? or * to list all spells.
You miscast Shroud of Golubria.
You are contaminated with residual magics.
It hits you!
* * * LOW HITPOINT WARNING * * *
You miss it. It hits you.
You die...

### #.. #.# #.# #
#.# #.#.#
#.#.########.####
#..>@{$...$...[..
###.#####......##
#.# %.....# #.#
......#
#######.########...#
#..................
#.#####.######## .
#.# #.### # #####.#
#...# #


There were no monsters in sight!

Vanquished Creatures
  An adder (D:2)
  A worm (D:2)
  2 giant geckos (D:1)
  4 bats
  4 hobgoblins (D:1)
  A ball python (D:1)
  3 giant newts (D:1)
  A goblin (D:1)
  6 kobolds (D:1)
  8 rats
31 creatures vanquished.

Notes
Turn   | Place    | Note
--------------------------------------------------------------
     0 | D:1      | Nicoed, the Demigod Skald, began the quest for the Orb.
     0 | D:1      | Reached XP level 1. HP: 17/17 MP: 3/3
    28 | D:1      | Reached skill level 1 in Dodging
    46 | D:1      | Reached skill level 1 in Armour
   439 | D:1      | Reached XP level 2. HP: 19/24 MP: 2/5
   443 | D:1      | Learned a level 2 spell: Shroud of Golubria
   446 | D:1      | Learned a level 2 spell: Song of Slaying
  1640 | D:2      | Reached XP level 3. HP: 29/29 MP: 8/8
  1866 | D:2      | Reached skill level 3 in Charms
  1902 | D:2      | Noticed Sigmund
  1921 | D:2      | HP: 1/29 [something (7)]
  1922 | D:2      | Slain by Sigmund

Action                   || total
-------------------------++-------
Melee: Hand axe          ||   147
 Cast: Infusion          ||     6
       Song of Slaying   ||     7
       Shroud of Golubri ||     1
  Use: Potion            ||     1
